 Dungeon Crawl Stone Soup version 0.30-a0-297-g0ec75d9ef4 (webtiles) character file.

Game seed: 7904107770404003727

70 hikkokomori the Chopper (level 4, -2/40 HPs)
             Began as a Minotaur Berserker on Oct 19, 2022.
             Was a Believer of Trog.
             Killed from afar by an orc wizard (5 damage)
             ... with a magic dart
             ... on level 3 of the Dungeon.
             The game lasted 00:03:11 (1151 turns).

hikkokomori the Chopper (Minotaur Berserker)        Turns: 1151, Time: 00:03:14

Health: -2/40      AC:  8    Str: 24    XL:     4   Next: 3%
Magic:  3/3        EV: 11    Int:  4    God:    Trog [**....]
Gold:   64         SH:  0    Dex:  9    Spells: 3/3 levels left

rFire   . . .      SeeInvis .    a - +0 hand axe
rCold   + . .      Faith    .    (no shield)
rNeg    . . .      Spirit   .    c - +0 ring mail
rPois   .          Reflect  .    (helmet restricted)
rElec   .          Harm     .    (no cloak)
rCorr   .          Rampage  .    m - +2 pair of gloves
Will    .....                    (no boots)
Stlth   ..........               (no amulet)
HPRegen 0.26/turn                k - ring of protection from cold
MPRegen 0.08/turn                (no ring)

@: on berserk cooldown, flying, slowed, very slow
A: horns 2, retaliatory headbutt
a: Renounce Religion, Berserk, Trog's Hand


You were on level 3 of the Dungeon.
You worshipped Trog.
Trog was pleased with you.
You visited 1 branch of the dungeon, and saw 3 of its levels.

You collected 64 gold pieces.

Inventory:

Hand Weapons
 a - a +0 hand axe (weapon)
Armour
 b - a +0 animal skin
 c - a +0 ring mail (worn)
 m - a +2 pair of gloves (worn)
Jewellery
 k - a ring of protection from cold (left hand)
Scrolls
 d - a scroll of blinking {unknown}
 e - a scroll of silence {unknown}
 g - a scroll of vulnerability {unknown}
Potions
 h - a potion of resistance
 j - a potion of degeneration
 l - a potion of haste
 n - a potion of heal wounds {unknown}


   Skills:
 + Level 4.3 Fighting
 + Level 4.4 Axes
 + Level 3.3 Armour
 + Level 3.0 Dodging


You had 3 spell levels left.
You didn't know any spells.
Your spell library was empty.

Dungeon Overview and Level Annotations

Branches:
Dungeon (3/15)

Altars:


Innate Abilities, Weirdness & Mutations

You have a pair of horns on your head.
You reflexively headbutt those who attack you in melee.


Message History

You feel yourself slow down.
Unknown command.
The orc wizard attacks as you move away!
The orc wizard barely misses you.
Unknown command.
You bump into the rock wall.
The orc wizard barely misses you. Something hits you but does no damage.
The orc wizard casts a spell at you. You resist with some effort.
Unknown command.
You feel better.
You hear some strange, mumbled words.
A puff of flame appears from out of thin air!
The puff of flame hits you!
* * * LOW HITPOINT WARNING * * *
The orc wizard hits you but does no damage.
Unknown command.
You closely miss the orc wizard.
The orc wizard is heavily wounded.
You barely miss something. Something barely misses you.
The orc wizard gestures at you while chanting.
The magic dart hits you.
* * * LOW HITPOINT WARNING * * *
The orc wizard hits you with a +0 dagger.
* * * LOW HITPOINT WARNING * * *
Something hits you but does no damage.
Unknown command.
You hit the orc wizard. Your headbutt misses the orc wizard.
The orc wizard is severely wounded.
You miss something. Something hits you but does no damage.
The orc wizard casts a spell at you. You resist with some effort.
Unknown command.
It was a potion of flight.
You feel very buoyant.
You fly up into the air.
You hear some strange, mumbled words.
A magic dart appears from out of thin air!
The magic dart hits you.
You die...

..........#
..........#
..........#####..
................#
.......)...#####
.....>..<†....[..
........)........
.......{o........
........@...$....
..<..#.##........
#...##. #........
.... .. .........
.. ... .......
... ....(.. ...
....... ##.####


You could see an orc wizard.

Vanquished Creatures
  2 adders
  2 worms (D:2)
  An orc (D:3)
  2 endoplasms
  2 giant cockroaches
  3 goblins
  2 hobgoblins
  2 quokkas
  3 ball pythons
  6 bats
  6 frilled lizards (D:2)
  10 kobolds
  5 rats
46 creatures vanquished.

Vanquished Creatures (collateral kills)
  A rat (D:2)
1 creature vanquished.

Vanquished Creatures (others)
  11 plants (D:2)
11 creatures vanquished.

Grand Total: 58 creatures vanquished

Notes
Turn   | Place    | Note
-------+----------+-------------------------------------------
     0 | D:1      | hikkokomori the Minotaur Berserker began the quest for the
                  | Orb.
     0 | D:1      | Reached XP level 1. HP: 19/19 MP: 0/0
   124 | D:1      | Reached XP level 2. HP: 20/27 MP: 1/1
   414 | D:1      | Reached ** piety under Trog
   643 | D:2      | Reached XP level 3. HP: 21/33 MP: 2/2
  1142 | D:3      | Reached XP level 4. HP: 21/40 MP: 3/3
  1149 | D:3      | HP: 2/40 [orc wizard/+0 dagger (1)]
  1151 | D:3      | Killed from afar by an orc wizard

Illustrated notes

Levels and vault maps discovered:
D:1:      minmay_arrival_radiant_lines, layout_rooms
D:2:      layout_basic, lexackson_kobold_supper
D:3:      layout_rooms, grunt_temple_overflow_magic_moments,
          serial_corexii_hall, corexii_hall_statues_l, corexii_hall_statues_l,
          grunt_ministairs_5, minmay_close_crescents, uniq_robin, uniq_sigmund

Skill      XL: |  1  2  3 |
---------------+----------+-----
Axes           | 4 |  4.4
Fighting       | 4 |  4.3
Armour         | 3 |  3.3
Dodging        | 3 |  3.0

Action                   |  1- 3 |  4- 6 || total
-------------------------+-------+-------++-------
Melee: Hand axe          |    93 |     4 ||    97
       Headbutt          |    16 |       ||    16
Invok: Berserk           |     2 |       ||     2
  Use: Scroll            |     4 |       ||     4
       Potion            |       |     2 ||     2
Armor: Animal skin       |    11 |       ||    11
       Ring mail         |    29 |     5 ||    34
Dodge: Dodged            |    79 |     4 ||    83

Table legend: (Time is in decaauts)
 A = Elapsed time spent in this place.
 B = Non-inter-level travel time spent in this place.
 C = Inter-level travel time spent in this place.
 D = Time resting spent in this place.
 E = Time spent auto-exploring this place.
 F = Levels seen in this place.
 G = Mean time per level.
                   A        B        C        D        E       F      G
               +--------+--------+--------+--------+--------+-----+--------+
         Total |   1166 |   1118 |     48 |     35 |    794 |   3 |  388.7 |
       Dungeon |   1166 |   1118 |     48 |     35 |    794 |   3 |  388.7 |
               +--------+--------+--------+--------+--------+-----+--------+

Top non-repeatable levels by time:
     D:2: 654 daAuts
     D:1: 485 daAuts
     D:3: 26 daAuts
